 Dungeon Crawl Stone Soup version 0.18.1-48-g4cf74bf (webtiles) character file.

214 Drashi the Skirmisher (level 5, -2/59 HPs)
             Began as an Ogre Berserker on Aug 9, 2016.
             Was a Believer of Trog.
             Slain by a hungry ghost (3 damage)
             ... on level 3 of the Dungeon.
             The game lasted 00:03:48 (2546 turns).

Drashi the Skirmisher (Ogre Berserker)              Turns: 2546, Time: 00:03:49

Health: -2/59      AC:  3    Str: 23    XL:     5   Next: 92%
Magic:  5/5        EV: 10    Int:  6    God:    Trog [**....]
Gold:   91         SH:  0    Dex:  9    Spells: 0 memorised, 4 levels left

rFire  . . .     SeeInvis .     a - +0 mace
rCold  . . .     Gourm    .     b - +0 animal skin
rNeg   . . .     Faith    .     (no shield)
rPois  .         Spirit   .     (helmet restricted)
rElec  .         Dismiss  .     (no cloak)
rCorr  .         Reflect  .     (gloves unavailable)
SustAt .         Harm     .     (boots unavailable)
MR     .....                    (no amulet)
Stlth  +.........               (no ring)
                                (no ring)

@: fainting, not resistant to hostile enchantments, very unstealthy
A: unfitting armour, tough skin 1
a: Berserk, Trog's Hand, Burn Spellbooks, Renounce Religion


You were on level 3 of the Dungeon.
You worshipped Trog.
Trog was pleased with you.
You were fainting.

You visited 1 branch of the dungeon, and saw 3 of its levels.

You collected 91 gold pieces.

Inventory:

Hand Weapons
 a - a +0 mace (weapon)
Armour
 b - a +0 animal skin (worn)
Wands
 o - a wand of lightning (7/15)
 r - a wand of iceblast (9/15)
Scrolls
 f - 2 scrolls of recharging {unknown}
 g - a scroll of blinking {unknown}
 k - a scroll of remove curse {unknown}
 n - 2 scrolls of enchant armour {unknown}
 p - a scroll of fog {unknown}
 q - 2 scrolls of identify {unknown}
Potions
 d - a potion of mutation {unknown}
 e - a potion of curing {unknown}
 h - 2 potions of ambrosia {unknown}
 l - 2 potions of flight {unknown}
Comestibles
 c - 4 bread rations
 i - a royal jelly
 j - 2 meat rations
 m - 8 fruits
 s - 3 chunks of flesh


   Skills:
 * Level 6.3 Fighting
 * Level 5.5 Maces & Flails
 + Level 3.6 Dodging
 + Level 0.5 Stealth


You had 4 spell levels left.
You didn't know any spells.

Dungeon Overview and Level Annotations

Branches:
Dungeon (3/15)

Altars:
Vehumet
Zin


Innate Abilities, Weirdness & Mutations

You are too large for most types of armour.
You have tough skin (AC +1).


Message History

You completely miss the hungry ghost.
The hungry ghost is severely damaged.
The hungry ghost closely misses you.
You barely miss the hungry ghost.
The hungry ghost is heavily damaged.
The hungry ghost closely misses you.
You closely miss the hungry ghost.
The hungry ghost is heavily damaged.
The hungry ghost hits you.
* * * LOW HITPOINT WARNING * * *
You feel slightly more hungry.
You hit the hungry ghost but do no damage.
The hungry ghost is heavily damaged.
The hungry ghost hits you.
* * * LOW HITPOINT WARNING * * *
You feel slightly more hungry.
You miss the hungry ghost.
The hungry ghost is heavily damaged.
The hungry ghost hits you.
You die...

..#.....#####
............#
####...##.#.##
##........#
#.###.#..##########
#.###.#..^.........
#...>........#
#.#...##.###.#
#.#.####.# #@#
#.#.####.# #W#
#........# #.#
###.###### #.# #.#
... #.# #.#.# ..#
#. .. ..# ## #.#
#..# .#


You could see a hungry ghost.

Vanquished Creatures
  The ghost of Gottschkopf the Ruffian, an amateur DrTm (D:3)
  An orc priest (D:3)
  An orc wizard (D:3)
  An adder (D:2)
  3 worms
  3 dart slugs
  A giant gecko (D:3)
  An orc (D:3)
  3 bats
  2 giant cockroaches
  7 goblins
  5 hobgoblins
  7 jackals (D:1)
  A quokka (D:2)
  4 kobolds
  8 rats
49 creatures vanquished.

Notes
Turn   | Place    | Note
--------------------------------------------------------------
     0 | D:1      | Drashi the Ogre Berserker began the quest for the Orb.
     0 | D:1      | Reached XP level 1. HP: 24/24 MP: 1/1
   120 | D:1      | Reached XP level 2. HP: 30/33 MP: 2/2
   892 | D:1      | Reached XP level 3. HP: 41/41 MP: 3/3
   935 | D:1      | Reached ** piety under Trog
  1027 | D:2      | Found a radiant altar of Vehumet.
  1088 | D:2      | Found a glowing silver altar of Zin.
  1424 | D:2      | Reached skill level 5 in Fighting
  1788 | D:2      | Reached XP level 4. HP: 44/50 MP: 4/4
  1971 | D:3      | Noticed Gottschkopf's ghost (amateur DrTm)
  1983 | D:3      | Killed Gottschkopf's ghost
  1983 | D:3      | Reached skill level 5 in Maces & Flails
  1983 | D:3      | Reached XP level 5. HP: 59/59 MP: 5/5
  2108 | D:3      | Reached skill level 6 in Fighting
  2491 | D:3      | Noticed a hungry ghost
  2545 | D:3      | HP: 1/59 [hungry ghost (2)]
  2546 | D:3      | Slain by a hungry ghost

Skill      XL: |  1  2  3  4  5 |
---------------+----------------+-----
Dodging        | 3 |  3.6
Fighting       | 5 6 |  6.3
Maces & Flails | 5 |  5.5
Stealth        | |  0.5

Action                   |  1- 3 |  4- 6 || total
-------------------------+-------+-------++-------
Melee: Mace              |   117 |    99 ||   216
Invok: Berserk           |     1 |     2 ||     3
 Stab: Sleeping          |     1 |       ||     1
  Eat: Chunk             |     4 |     4 ||     8
       Fruit             |       |     2 ||     2
Armor: Animal skin       |    47 |    19 ||    66
Dodge: Dodged            |    68 |    35 ||   103
